 Dungeon Crawl Stone Soup version 0.29-a0-334-gb41bcbb86e (webtiles) character file.

Game seed: 8818967318740548248

742 rabbitsville the Conjurer (level 7, -1/51 HPs)
             Began as a Gnoll Conjurer on Apr 14, 2022.
             Slain by Pikel
             ... wielding a +1 whip of flaming
              (10 damage)
             ... on level 4 of the Dungeon.
             The game lasted 00:15:33 (5095 turns).

rabbitsville the Conjurer (Gnoll Conjurer)          Turns: 5095, Time: 00:15:33

Health: -1/51      AC:  7    Str:  5 (6)  XL:     7   Next: 76%
Magic:  4/15       EV: 13    Int: 16 (19) God:
Gold:   182        SH:  0    Dex: 10 (11) Spells: 14/17 levels left

rFire   . . .      SeeInvis .   d - +3 dagger
rCold   . . .      Faith    .   (no shield)
rNeg    . . .      Spirit   .   v - +2 animal skin
rPois   .          Reflect  .   w - +0 helmet
rElec   .          Harm     .   j - +0 cloak
rCorr   .          Rampage  .   (no gloves)
Will    .....                   i - +0 pair of boots
Stlth   +++.......              (no amulet)
HPRegen 0.17/turn               (no ring)
MPRegen 0.14/turn               (no ring)

@: no status effects
A: fangs 1, strong nose, distributed training
a: no special abilities


You were on level 4 of the Dungeon.
You visited 1 branch of the dungeon, and saw 4 of its levels.
You also visited: Sewer.

You collected 182 gold pieces.

Inventory:

Hand Weapons
 d - a +3 dagger (weapon)
Armour
 a - a +0 robe
 i - a +0 pair of boots (worn)
 j - a +0 cloak (worn)
 m - the +4 chain mail of Hubris {rElec Str-2 Dex+6}
   (You found it on level 3 of the Dungeon)

   Str:       It affects your strength (-2).
   Dex:       It affects your dexterity (+6).
   rElec:     It insulates you from electricity.
 o - quicksilver dragon scales
 v - a +2 animal skin (worn)
 w - a +0 helmet (worn)
Wands
 p - a wand of digging (7)
 q - a wand of iceblast (6)
Scrolls
 c - a scroll of summoning {unknown}
 e - 4 scrolls of identify {unknown}
 f - 2 scrolls of teleportation {unknown}
 g - 4 scrolls of blinking {unknown}
 k - a scroll of enchant weapon {unknown}
 l - a scroll of immolation {unknown}
 r - a scroll of fear {unknown}
 u - a scroll of fog {unknown}
 x - a scroll of noise {unknown}
Potions
 b - 2 potions of magic
 h - a potion of resistance {unknown}
 n - 2 potions of might {unknown}
 s - a potion of mutation {unknown}
 t - 3 potions of heal wounds
 z - a potion of haste {unknown}


   Skills:
 + Level 2.7 Fighting
 + Level 2.7 Short Blades
 + Level 2.7 Long Blades
 + Level 2.7 Axes
 + Level 2.7 Maces & Flails
 + Level 2.7 Polearms
 + Level 2.7 Staves
 + Level 2.7 Slings
 + Level 2.7 Bows
 + Level 2.7 Crossbows
 + Level 2.7 Throwing
 + Level 2.7 Armour
 + Level 5.3 Dodging
 + Level 5.0 Stealth
 + Level 2.7 Shields
 + Level 2.7 Unarmed Combat
 + Level 5.7 Spellcasting
 + Level 7.5 Conjurations
 + Level 2.2 Hexes
 + Level 2.2 Summonings
 + Level 2.2 Necromancy
 + Level 2.2 Translocations
 + Level 2.2 Transmutations
 + Level 2.2 Fire Magic
 + Level 2.2 Ice Magic
 + Level 2.2 Air Magic
 + Level 2.2 Earth Magic
 + Level 2.2 Poison Magic
 + Level 3.0 Invocations
 + Level 2.7 Evocations


You had 14 spell levels left.
You knew the following spells:

 Your Spells              Type           Power      Damage    Failure   Level
a - Magic Dart            Conj           100%       1d8       1%          1
b - Searing Ray           Conj           56%        2d6       1%          2

Your spell library contained the following spells:

 Spells                   Type           Power      Damage    Failure   Level
 Pain                     Necr           44%        1d6       6%          1
 Dazzling Flash           Conj/Hex       40%        N/A       6%          3
 Sublimation of Blood     Necr           11%        N/A       9%          2
 Fulminant Prism          Conj/Hex       10%        3d9       19%         4
 Iskenderun's Mystic Bla  Conj/Tloc      20%        2d6       19%         4
 Irradiate                Conj/Tmut      10%        3d16      47%         5
 Passage of Golubria      Tloc           11%        N/A       50%         4
 Petrify                  Tmut/Erth      11%        N/A       50%         4
 Silence                  Hex/Air        5%         N/A       85%         5
 Lehudib's Crystal Spear  Conj/Erth      10%        10d4      100%        8


Dungeon Overview and Level Annotations

Branches:
Dungeon (4/15)              Sewer (visited)
 Temple: D:4-7

Altars:

Annotations:
D:4 Pikel


Innate Abilities, Weirdness & Mutations

You have very sharp teeth.
Your uncanny sense of smell can sniff out nearby items.
Your experience applies equally to all skills.


Message History

The lemure barely misses you. Pikel barely misses you.
The lemure hits you but does no damage. The lemure hits you but does no damage.
Pikel hits you but does no damage. The lemure hits you but does no damage.
You can move again.
Aiming: Searing Ray (safe; 1% risk of failure)
Press: ? - help, Q - select action, (/) - cycle Shift-Dir - straight line, f/p - Pikel
Aim: Pikel, wielding a +1 whip of flaming, wearing a +0 robe and carrying a wand of paralysis (7) (severely wounded, 74% to hit)
The searing ray misses Pikel.
The searing ray hits the lemure!
The lemure is severely wounded. (Press . to maintain the ray.)
The lemure hits you but does no damage.
Pikel hits you with a +1 whip of flaming.
Pikel burns you. The lemure hits you but does no damage.
Restarting spell: Searing Ray (safe; 1% risk of failure)
Press: ? - help, Q - select action, (/) - cycle Shift-Dir - straight line, f/p - Pikel
Aim: Pikel, wielding a +1 whip of flaming, wearing a +0 robe and carrying a wand of paralysis (7) (severely wounded, 74% to hit)
The searing ray hits Pikel but does no damage.
Pikel is severely wounded.
The searing ray misses the lemure. (Press . to maintain the ray.)
The lemure hits you. The lemure hits you but does no damage.
Pikel hits you with a +1 whip of flaming.
* * * LOW HITPOINT WARNING * * *
Pikel burns you.
* * * LOW HITPOINT WARNING * * *
The lemure closely misses you.
Restarting spell: Searing Ray (safe; 1% risk of failure)
Press: ? - help, Q - select action, (/) - cycle Shift-Dir - straight line, f/p - Pikel
Aim: Pikel, wielding a +1 whip of flaming, wearing a +0 robe and carrying a wand of paralysis (7) (severely wounded, 74% to hit)
The searing ray hits Pikel.
Pikel is severely wounded.
The searing ray hits the lemure.
You kill the lemure!
That felt strangely unrewarding. (Press . to maintain the ray.)
The lemure hits you but does no damage. The lemure hits you.
* * * LOW HITPOINT WARNING * * *
Pikel hits you with a +1 whip of flaming!
You die...

#.###....### ## ### #.# #......##
##. ##.# ∆ #.# #....#..####..
#..# ∆ #.###..........#.. ...#
#.##.............. .>.#
#.#....##.......## ...#
#................. ...#
#.5.............## ..)#
#@5.............# ...#
#K5.............# ...#
...............###
...#############.................
...........(................#.###
.......5................##^.#.###
.................................
.....................##....#...##
.........#...........##.........#


You could see Pikel and 3 lemures.

Vanquished Creatures
  A black bear (D:4)
  An ogre (D:2)
  A lemure (D:4)
  A kobold brigand (Sewer)
  A scorpion (D:4)
  An orc priest (D:3)
  Ijyb (D:4)
  A hound (D:4)
  An iguana (D:4)
  Natasha (thrice) (D:2)
  Robin (D:4)
  4 adders
  7 river rats (Sewer)
  An ufetubus (D:2)
  A worm (D:3)
  A dart slug (D:2)
  13 orcs (D:3)
  7 endoplasms
  6 giant cockroaches
  8 hobgoblins
  16 kobolds
  7 quokkas
  11 ball pythons
  5 bats
  3 frilled lizards (Sewer)
  18 goblins
  20 rats
141 creatures vanquished.

Vanquished Creatures (others)
  A plant (D:2)
1 creature vanquished.

Grand Total: 142 creatures vanquished

Notes
Turn   | Place    | Note
-------+----------+-------------------------------------------
     0 | D:1      | rabbitsville the Gnoll Conjurer began the quest for the
                  | Orb.
     0 | D:1      | Reached XP level 1. HP: 13/13 MP: 6/6
   110 | D:1      | Reached XP level 2. HP: 19/19 MP: 4/7
   676 | D:1      | Reached XP level 3. HP: 25/25 MP: 6/9
   754 | D:1      | Reached skill level 5 in Spellcasting
  1202 | D:2      | Learned a level 2 spell: Searing Ray
  1214 | D:2      | Found a faded altar of an unknown god.
  1221 | D:2      | Got Plato's Disquisition on Stolen Souls
  1358 | D:2      | Noticed an ogre
  1365 | D:2      | Killed an ogre
  1366 | D:2      | Reached skill level 1 in Fighting
  1366 | D:2      | Reached skill level 1 in Short Blades
  1366 | D:2      | Reached skill level 1 in Long Blades
  1366 | D:2      | Reached skill level 1 in Axes
  1366 | D:2      | Reached skill level 1 in Maces & Flails
  1366 | D:2      | Reached skill level 1 in Polearms
  1366 | D:2      | Reached skill level 1 in Staves
  1366 | D:2      | Reached skill level 1 in Slings
  1366 | D:2      | Reached skill level 1 in Bows
  1366 | D:2      | Reached skill level 1 in Crossbows
  1366 | D:2      | Reached skill level 1 in Throwing
  1366 | D:2      | Reached skill level 1 in Armour
  1366 | D:2      | Reached skill level 1 in Shields
  1366 | D:2      | Reached skill level 1 in Unarmed Combat
  1366 | D:2      | Reached skill level 1 in Hexes
  1366 | D:2      | Reached skill level 1 in Summonings
  1366 | D:2      | Reached skill level 1 in Necromancy
  1366 | D:2      | Reached skill level 1 in Translocations
  1366 | D:2      | Reached skill level 1 in Transmutations
  1366 | D:2      | Reached skill level 1 in Fire Magic
  1366 | D:2      | Reached skill level 1 in Ice Magic
  1366 | D:2      | Reached skill level 1 in Air Magic
  1366 | D:2      | Reached skill level 1 in Earth Magic
  1366 | D:2      | Reached skill level 1 in Poison Magic
  1366 | D:2      | Reached skill level 1 in Invocations
  1366 | D:2      | Reached skill level 1 in Evocations
  1366 | D:2      | Reached XP level 4. HP: 12/32 MP: 1/11
  1366 | D:2      | Reached XP level 5. HP: 14/37 MP: 1/12
  1620 | D:2      | Noticed Natasha
  1625 | D:2      | Killed Natasha
  1750 | D:2      | Noticed Natasha
  1769 | D:2      | Killed Natasha
  1833 | D:2      | Noticed Natasha
  1836 | D:2      | Killed Natasha
  2170 | D:3      | Reached XP level 6. HP: 44/44 MP: 9/13
  2377 | D:3      | Identified the +4 chain mail of Hubris {rElec Str-2 Dex+6}
  3022 | D:4      | Noticed a black bear
  3082 | D:4      | Reached skill level 5 in Dodging
  3137 | D:4      | Killed a black bear
  3138 | D:4      | Reached XP level 7. HP: 40/50 MP: 5/15
  3191 | D:4      | Noticed Robin
  3255 | D:4      | Noticed Ijyb
  3345 | D:4      | Killed Ijyb
  3403 | D:4      | Found a glowing drain.
  3409 | Sewer    | Entered a sewer
  4441 | Sewer    | Reached skill level 5 in Stealth
  4878 | D:4      | Killed Robin
  5081 | D:4      | Noticed Pikel
  5087 | D:4      | Paralysed by Pikel for 6 turns
  5095 | D:4      | Slain by Pikel

Illustrated notes

Levels and vault maps discovered:
D:1:      lightli_arrival_isolated_outpost, layout_basic, serial_bayou,
          serial_bayou_lagoon_b, serial_bayou_pond_e, serial_bayou_pond_a,
          serial_bayou_lagoon_a
D:2:      layout_rooms, shapermc_ecumenical_altar_rom_forum, uniq_natasha
D:3:      layout_basic
D:4:      minmay_door_path, layout_rooms, gup_sewer_entry_pipe, uniq_robin,
          uniq_ijyb, uniq_pikel

Skill      XL: |  1  2  3  4  5  6  7 |
---------------+----------------------+-----
Spellcasting   | 5 |  5.7
Fighting       | 1 2 |  2.7
Short Blades   | 1 2 |  2.7
Long Blades    | 1 2 |  2.7
Axes           | 1 2 |  2.7
Maces & Flails | 1 2 |  2.7
Polearms       | 1 2 |  2.7
Staves         | 1 2 |  2.7
Slings         | 1 2 |  2.7
Bows           | 1 2 |  2.7
Crossbows      | 1 2 |  2.7
Throwing       | 1 2 |  2.7
Armour         | 1 2 |  2.7
Shields        | 1 2 |  2.7
Unarmed Combat | 1 2 |  2.7
Hexes          | 1 2 |  2.2
Summonings     | 1 2 |  2.2
Necromancy     | 1 2 |  2.2
Translocations | 1 2 |  2.2
Transmutations | 1 2 |  2.2
Fire Magic     | 1 2 |  2.2
Ice Magic      | 1 2 |  2.2
Air Magic      | 1 2 |  2.2
Earth Magic    | 1 2 |  2.2
Poison Magic   | 1 2 |  2.2
Invocations    | 1 2 3 |  3.0
Evocations     | 1 2 |  2.7
Dodging        | 5 |  5.3
Stealth        | 5 |  5.0
Conjurations   | |  7.5

Action                   |  1- 3 |  4- 6 |  7- 9 || total
-------------------------+-------+-------+-------++-------
Melee: Dagger            |       |     1 |    27 ||    28
       Bite              |       |     1 |     3 ||     4
 Cast: Magic Dart        |    52 |    64 |    98 ||   214
       Searing Ray       |     2 |    15 |    20 ||    37
  Use: Potion            |       |       |     3 ||     3
Armor: Robe              |       |     1 |     3 ||     4
       Quicksilver drago |       |     1 |    10 ||    11
       Animal skin       |       |       |     8 ||     8
Dodge: Dodged            |       |     1 |    28 ||    29

Table legend: (Time is in decaauts)
 A = Elapsed time spent in this place.
 B = Non-inter-level travel time spent in this place.
 C = Inter-level travel time spent in this place.
 D = Time resting spent in this place.
 E = Time spent auto-exploring this place.
 F = Levels seen in this place.
 G = Mean time per level.
                   A        B        C        D        E       F      G
               +--------+--------+--------+--------+--------+-----+--------+
         Total |   5118 |   4985 |    133 |    723 |   3229 |   5 | 1023.6 |
       Dungeon |   3718 |   3585 |    133 |    363 |   2431 |   4 |  929.5 |
         Sewer |   1399 |   1399 |      0 |    360 |    797 |   1 | 1399.0 |
               +--------+--------+--------+--------+--------+-----+--------+

Top non-repeatable levels by time:
   Sewer: 1399 daAuts
     D:3: 1104 daAuts
     D:1: 1083 daAuts
     D:2: 885 daAuts
     D:4: 645 daAuts
